 Dungeon Crawl Stone Soup version 0.18-a0-1405-g73f4075 (webtiles) character file.

106 Kidiri the Magician (level 4, 0/24 HPs)
             Began as a Deep Elf Fire Elementalist on Feb 24, 2016.
             Slain by Natasha (5 damage)
             ... on level 2 of the Dungeon.
             The game lasted 00:10:26 (1902 turns).

Kidiri the Magician (Deep Elf Fire Elementalist)    Turns: 1902, Time: 00:10:26

Health: 0/24       AC:  2    Str:  5    XL:     4   Next: 55%
Magic:  3/12       EV: 13    Int: 21    God:
Gold:   84         SH:  0    Dex: 15    Spells: 4 memorised, 3 levels left

rFire  . . .     SeeInvis .     e - +0 dagger
rCold  . . .     Gourm    .     a - +0 robe
rNeg   . . .     Faith    .     (no shield)
rPois  .         Spirit   .     (no helmet)
rElec  .         Dismiss  .     (no cloak)
rCorr  .         Reflect  .     (no gloves)
SustAt .         Harm     .     (no boots)
MR     .....                    (no amulet)
Stlth  +.........               (no ring)
                                l - ring of loudness

@: exhausted, slowed, very slow, not resistant to hostile enchantments, very
unstealthy
A: no striking features
a: no special abilities


You were on level 2 of the Dungeon.
You were not hungry.

You visited 1 branch of the dungeon, and saw 2 of its levels.

You collected 84 gold pieces.

Inventory:

Hand Weapons
 e - a +0 dagger (weapon)
Armour
 a - a +0 robe (worn)
Jewellery
 l - a ring of loudness (left hand)
Scrolls
 d - 4 scrolls of identify
Potions
 h - a potion of flight
Books
 b - a book of Flames

   Spells                             Type                      Level
   a - Flame Tongue                   Conjuration/Fire             1
   b - Throw Flame                    Conjuration/Fire             2
   c - Conjure Flame                  Conjuration/Fire             3
   d - Inner Flame                    Hexes/Fire                   3
   e - Sticky Flame                   Conjuration/Fire             4
   f - Fireball                       Conjuration/Fire             5
Comestibles
 c - a bread ration
 f - 3 fruits
 j - a chunk of flesh


   Skills:
 + Level 2.8 Dodging
 + Level 3.4 Stealth
 * Level 4.5 Spellcasting
 + Level 2.2 Conjurations
 + Level 1.1 Hexes
 + Level 3.7 Fire Magic


You had 3 spell levels left.
You knew the following spells:

 Your Spells              Type           Power        Failure   Level  Hunger
a - Flame Tongue          Conj/Fire      ###..        3%          1    None
b - Throw Flame           Conj/Fire      ###...       6%          2    #......
c - Conjure Flame         Conj/Fire      ###.....     12%         3    ##.....
d - Inner Flame           Hex/Fire       ###.....     14%         3    ##.....


Dungeon Overview and Level Annotations

Branches:
Dungeon (2/15)

Altars:
Pakellas
Yredelemnul

Annotations:
D:2 Natasha


Message History

You are no longer poisoned.
Natasha stares at you and mumbles some strange words.
You resist with some effort.
Unknown command.
Unknown command.
Unknown command.
Read which item? (? for menu, Esc to quit)
As you read the scroll labeled WYZXAU JOFI, it crumbles to dust.
You feel as if something is helping you.
It was a scroll of remove curse.
The white imp laughs crazily.
Natasha claws you.
* * * LOW HITPOINT WARNING * * *
Read which item? (? for menu, Esc to quit)
As you read the scroll labeled HYCHAQ PEHAL, it crumbles to dust.
You hear a loud clanging noise!
It was a scroll of noise.
You hear a shout! x2
Natasha claws you.
You die...

......# #.....###...## #..
.....># #.....#......## #..
......# ###.#####.##..# #..
#..h..# #.# #.##..## ##[ ##.)..#
#.# #.###..##### ##
#.....#######.# #).##......####
..........##..## ##..#####....#
...$#.###......######..###.....##
#..##.####....5h@......g...###..#
.(.........##.....####..#####..##
.##...########.......##..###..##
....#....# ######...##.##..##
###...##.#### #..##....##
##..##....# #...#.....#
##...###.#########....#.....#
#.#.......#..........#.....#
#.#####.#.#.#####.##.......#


You could see Natasha, a white imp and a goblin.

Vanquished Creatures
  Natasha (D:2)
  4 adders (D:2)
  3 dart slugs
  A giant gecko (D:1)
  A ball python (D:2)
  2 giant cockroaches (D:1)
  2 goblins (D:2)
  9 hobgoblins
  A jackal (D:1)
  3 kobolds
  4 bats
  A giant newt (D:1)
  2 gnoll zombies (D:2)
  4 rats
38 creatures vanquished.

Notes
Turn   | Place    | Note
--------------------------------------------------------------
     0 | D:1      | Kidiri the Deep Elf Fire Elementalist began the quest for the Orb.
     0 | D:1      | Reached XP level 1. HP: 10/10 MP: 6/6
   270 | D:1      | Reached XP level 2. HP: 15/15 MP: 4/8
   274 | D:1      | Learned a level 2 spell: Throw Flame
  1108 | D:2      | Reached XP level 3. HP: 19/19 MP: 7/10
  1113 | D:2      | Learned a level 3 spell: Conjure Flame
  1117 | D:2      | Learned a level 3 spell: Inner Flame
  1495 | D:2      | Noticed Natasha
  1501 | D:2      | Killed Natasha
  1501 | D:2      | Reached skill level 4 in Spellcasting
  1501 | D:2      | Reached skill level 1 in Hexes
  1628 | D:2      | Reached XP level 4. HP: 24/24 MP: 8/12
  1760 | D:2      | Found an oddly glowing altar of Pakellas.
  1846 | D:2      | Found a basalt altar of Yredelemnul.
  1884 | D:2      | Noticed Natasha
  1902 | D:2      | Slain by Natasha

Vault maps used:
D:1:      lightli_arrival_isolated_outpost
D:2:      lemuel_zombie_altar_yredelemnul, grunt_pakellas_salt, uniq_natasha

Skill      XL: |  1  2  3 |
---------------+----------+-----
Stealth        | 3 |  3.4
Spellcasting   | 4 |  4.5
Hexes          | 1 |  1.1
Conjurations   | 2 |  2.2
Dodging        | |  2.8
Fire Magic     | |  3.7

Action                   |  1- 3 |  4- 6 || total
-------------------------+-------+-------++-------
Melee: Dagger            |     3 |       ||     3
       Unarmed           |     1 |       ||     1
 Cast: Flame Tongue      |    35 |    21 ||    56
       Throw Flame       |    11 |     7 ||    18
  Use: Scroll            |       |     3 ||     3
       Potion            |       |     1 ||     1
 Stab: Sleeping          |     2 |       ||     2
  Eat: Pizza             |     1 |       ||     1
       Chunk             |     1 |     1 ||     2
